 Dungeon Crawl Stone Soup version 0.25.0-46-gbd7b0854d2 (webtiles) character file.

Game seed: 1282497848127999519

168 H0rd4k the Insei (level 5, -7/33 HPs)
             Began as an Octopode Transmuter on July 16, 2020.
             Killed by divine providence
             ... invoked by an orc priest
              (14 damage)
             ... on level 4 of the Dungeon.
             The game lasted 00:02:49 (3702 turns).

H0rd4k the Insei (Octopode Transmuter)              Turns: 3702, Time: 00:02:50

Health: -7/33      AC:  1    Str:  9    XL:     5   Next: 49%
Magic:  9/9        EV: 13    Int: 17    God:
Gold:   133        SH:  0    Dex: 12    Spells: 3/9 levels left

rFire    . . .     SeeInvis .     - Unarmed
rCold    . . .     Gourm    .   (no shield)
rNeg     . . .     Faith    .   (helmet restricted)
rPois    .         Spirit   .   (no amulet)
rElec    .         Reflect  .   m - ring of protection from magic
rCorr    .         Harm     .   r - ring of stealth
MR       +....                  (no ring)
Stlth    ++++......             (no ring)
HPRegen  0.11/turn              (no ring)
MPRegen  0.11/turn              (no ring)
                                (no ring)
                                (no ring)

@: appendage (expiring)
A: almost no armour, stealthy swim, amphibious, 8 rings, constrict 8, tentacle
spike 3, camouflage 1, gelatinous body 1
a: End Transformation


You were on level 4 of the Dungeon.
You were not hungry.
One of your tentacles had a temporary spike.
You visited 1 branch of the dungeon, and saw 4 of its levels.

You collected 133 gold pieces.

Inventory:

Hand Weapons
 i - a +0 short sword of venom
Missiles
 a - 46 arrows
 j - 7 boomerangs
 l - 29 poisoned darts (quivered)
Jewellery
 m - a ring of protection from magic (left tentacle)
 r - a ring of stealth (right tentacle)
 s - a +6 ring of strength {unknown}
 v - a +6 ring of intelligence {unknown}
Wands
 p - a wand of digging (5)
 y - a wand of flame (18)
Scrolls
 d - 4 scrolls of identify {unknown}
 h - a scroll of fog {unknown}
 n - 2 scrolls of amnesia {unknown}
 t - 2 scrolls of teleportation {unknown}
 u - a scroll of immolation {unknown}
Potions
 b - a potion of cancellation {unknown}
 e - 2 potions of heal wounds {unknown}
 f - a potion of invisibility {unknown}
 g - 2 potions of curing {unknown}
 k - a potion of lignification {unknown}
 o - a potion of resistance {unknown}
 q - a potion of stabbing {unknown}
 w - a potion of mutation {unknown}
Comestibles
 c - 4 rations
 x - a chunk of flesh


   Skills:
 + Level 1.1 Fighting
 + Level 2.5 Dodging
 + Level 2.6 Stealth
 + Level 4.1 Unarmed Combat
 * Level 2.9 Spellcasting
 * Level 2.9 Transmutations


You had 3 spell levels left.
You knew the following spells:

 Your Spells              Type           Power        Failure   Level  Hunger
a - Beastly Appendage     Tmut           ##....       5%          1    None
b - Sticks to Snakes      Tmut           ##......     8%          2    ##.....
c - Spider Form           Tmut/Pois      #.........   28%         3    ###....

Your spell library contained the following spells:

 Spells                   Type           Power        Failure   Level  Hunger
 Ice Form                 Ice/Tmut       #.......     67%         4    ####...
 Blade Hands              Tmut           ##........   82%         5    ######.


Dungeon Overview and Level Annotations

Branches:
Dungeon (4/15)             Temple (0/1) D:4

Altars:
Cheibriados
Elyvilon
Fedhas
Kikubaaqudgha
Qazlal


Innate Abilities, Weirdness & Mutations

You cannot wear most types of armour.
You are very stealthy in the water. (Stealth+)
You are amphibious.
You can wear up to eight rings at the same time.
You can use your tentacles to constrict eight enemies at once.
Your skin changes colour to match your surroundings (Stealth+).
Your rubbery body absorbs attacks. (AC +1, EV +1)
One of your tentacles bears a large vicious spike.


Message History

The orc priest hits you with a +0 mace.
* * * LOW HITPOINT WARNING * * *
You tentacle-slap the orc priest but do no damage.
The orc priest is heavily wounded.
Your transformation is almost over.
You constrict the orc priest.
An orc comes into view. It is wielding a +0 whip.
The orc priest closely misses you.
The orc shouts!
You tentacle-slap the orc priest but do no damage.
You tentacle-slap the orc priest, but do no damage.
The orc priest is severely wounded.
You constrict the orc priest.
You tentacle-slap the orc priest but do no damage.
You pierce the orc priest.
The orc priest is almost dead.
You constrict the orc priest, but do no damage.
The orc priest calls down the wrath of Beogh upon you.
Beogh smites you!
You die...

###.# ..#.# ### ##
#.#.# #.. ..# #.#.#
... .. #.#.# #.#.o
....# ###.#o . #####
#.... . # #.#o#.# #
#.###.#@#.#.# #
#...........# #
#####...##### ##
#.....# .## #.....#
..###########.....##
...................'..
..###########...####..
.## ##...# .


You could see an orc priest and 2 orcs.

Vanquished Creatures
  A hound (D:2)
  An iguana (D:4)
  A worker ant (D:4)
  3 adders
  An ooze (D:4)
  A worm (D:2)
  A dart slug (D:1)
  An orc (D:3)
  A ball python (D:1)
  4 giant cockroaches
  5 goblins
  10 hobgoblins
  10 kobolds
  A quokka (D:2)
  2 bats (D:1)
  5 frilled lizards
  4 rats
52 creatures vanquished.

Notes
Turn   | Place    | Note
-------+----------+-------------------------------------------
     0 | D:1      | H0rd4k the Octopode Transmuter began the quest for the Orb.
     0 | D:1      | Reached XP level 1. HP: 13/13 MP: 3/3
   168 | D:1      | Reached XP level 2. HP: 17/18 MP: 5/5
   962 | D:1      | Reached XP level 3. HP: 20/23 MP: 6/6
  1378 | D:2      | Learned a level 2 spell: Sticks to Snakes
  1382 | D:2      | Learned a level 3 spell: Spider Form
  1825 | D:2      | Reached skill level 1 in Stealth
  1989 | D:2      | Found a snail-covered altar of Cheibriados.
  2086 | D:2      | Found a stormy altar of Qazlal.
  2087 | D:2      | Found a white marble altar of Elyvilon.
  2126 | D:2      | Reached XP level 4. HP: 23/28 MP: 6/8
  2409 | D:3      | Found an ancient bone altar of Kikubaaqudgha.
  2428 | D:3      | Found a blossoming altar of Fedhas.
  3235 | D:4      | Reached skill level 4 in Unarmed Combat
  3235 | D:4      | Reached XP level 5. HP: 15/33 MP: 7/9
  3416 | D:4      | Found a staircase to the Ecumenical Temple.
  3702 | D:4      | Killed from afar by an orc priest

Illustrated notes

Levels and vault maps discovered:
D:1:      dpeg_arrival_short_road, layout_loops_cross
D:2:      layout_loops_ring, lemuel_round_altar, gammafunk_temple_overflow_pools
D:3:      layout_loops_cross, overflow_temple_1_default, fedhas_altar_1
D:4:      layout_loops_corners, lemuel_coloured_pillars_altar,
          minmay_temple_entry_glass, uniq_robin, uniq_crazy_yiuf_cottage

Skill      XL: |  1  2  3  4 |
---------------+-------------+-----
Stealth        | 1 2 |  2.6
Unarmed Combat | 4 |  4.1
Fighting       | |  1.1
Dodging        | |  2.5
Spellcasting   | |  2.9
Transmutations | |  2.9

Action                   |  1- 3 |  4- 6 || total
-------------------------+-------+-------++-------
Melee: Unarmed           |    84 |    51 ||   135
       Constrict         |    23 |    11 ||    34
       Tentacles         |    17 |    11 ||    28
       Punch             |     2 |     1 ||     3
       Kick              |     4 |    11 ||    15
Throw: Dart              |       |     2 ||     2
 Cast: Beastly Appendage |     3 |     5 ||     8
 Stab: Sleeping          |    10 |     4 ||    14
       Distracted        |       |     1 ||     1
  Eat: Chunk             |     4 |     5 ||     9
Armor: Skin              |     2 |       ||     2
Dodge: Dodged            |    47 |    21 ||    68
